 Dungeon Crawl Stone Soup version 0.30-a0-1160-g6e42c06551 (webtiles) character file.

Game seed: 14683152408409231540

64936 Jase the Convoker (level 15, -8/118 HPs)
             Began as a Barachi Summoner on Apr 25, 2023.
             Was the Champion of Cheibriados.
             Mangled by a demonic crawler (15 damage)
             ... on level 1 of the Spider Nest on Apr 26, 2023.
             The game lasted 02:37:48 (21868 turns).

Jase the Convoker (Barachi Summoner)               Turns: 21868, Time: 02:37:49

Health: -8/118     AC: 11    Str: 26    XL:     15   Next: 14%
Magic:  17/29      EV: 20    Int: 37    God:    Cheibriados [******]
Gold:   1193       SH:  5    Dex: 27    Spells: 8/34 levels left

rFire   . . .        b - +3 glaive (flame)
rCold   . . .        (shield currently unavailable)
rNeg    . . .        K - +1 troll leather armour
rPois   +            (no helmet)
rElec   .            r - +2 cloak
rCorr   .            t - +0 pair of gloves
SInv    .            m - +0 pair of boots
Will    +....        x - amulet of reflection
Stlth   ++           E - ring of poison resistance
HPRegen 1.19/turn    B - ring of wizardry
MPRegen 0.21/turn

%: reflection, wizardry (x1)
@: studying 3 skills, very slow
A: amphibious, slowness 1, strong legs 2, +LOS
a: Hop, Renounce Religion, Bend Time, Temporal Distortion, Slouch, Step From
Time


You were on level 1 of the Spider Nest.
You worshipped Cheibriados.
Cheibriados was exalted by your worship.
You visited 5 branches of the dungeon, and saw 19 of its levels.
You also visited: Volcano.

You collected 2412 gold pieces.
You spent 1219 gold pieces at shops.

Inventory:

Hand Weapons
 a - a +0 trident of venom
 b - a +3 glaive of flaming (weapon)
 H - the +4 shortbow "Counidibb" {heavy, Str+3 Dex+2 SInv}
   (You found it on level 8 of the Dungeon)

   Str:       It affects your strength (+3).
   Dex:       It affects your dexterity (+2).
   SInv:      It lets you see invisible.
Missiles
 e - 7 curare-tipped darts
 j - 28 poisoned darts
 l - a boomerang of dispersal
 u - a throwing net
Armour
 m - a +0 pair of boots (worn)
 r - a +2 cloak (worn)
 t - a +0 pair of gloves (worn)
 G - a +2 ring mail of cold resistance
 K - a +1 troll leather armour (worn)
 T - a +3 leather armour of fire resistance
Jewellery
 x - an amulet of reflection (around neck)
 z - a ring of resist corrosion
 B - a ring of wizardry (right hand)
 E - a ring of poison resistance (left hand)
 L - a ring of willpower
 O - a ring of willpower
 R - the amulet "Gagront" {Faith *Corrode rElec Int+5}
   (You took it off a deep elf pyromancer on level 9 of the Dungeon)

   [amulet of faith]

   It allows you to gain divine favour quickly.
   Int:       It affects your intelligence (+5).
   rElec:     It insulates you from electricity.
   *Corrode:  It may corrode you when you take damage.
Wands
 f - a wand of digging (7)
 v - a wand of light (2)
 C - a wand of iceblast (2)
 J - a wand of flame (17)
 P - a wand of charming (2)
Scrolls
 c - 5 scrolls of amnesia
 g - a scroll of silence
 o - 3 scrolls of teleportation
 p - 2 scrolls of identify
 q - a scroll of butterflies
 y - 2 scrolls of fear
 A - a scroll of fog
 Q - a scroll of enchant armour
Potions
 d - 2 potions of flight
 h - 7 potions of curing
 i - a potion of mutation
 k - 5 potions of brilliance
 s - a potion of ambrosia
 w - a potion of berserk rage
 I - 3 potions of might
 M - 5 potions of magic
 N - 3 potions of heal wounds
Miscellaneous
 F - a phial of floods
 S - a lightning rod (4/4)


   Skills:
 + Level 11.1 Fighting
 * Level 12.1 Polearms
 - Level 5.0 Armour
 - Level 9.0 Dodging
 - Level 1.7 Stealth
 - Level 10.0 Spellcasting
 + Level 18.4 Summonings
 - Level 5.0 Air Magic
 + Level 9.1 Invocations


You had 8 spell levels left.
You knew the following spells:

 Your Spells              Type           Power      Damage    Failure   Level
a - Summon Small Mammal   Summ           100%       N/A       0%          1
b - Call Imp              Summ           100%       N/A       0%          2
c - Call Canine Familiar  Summ           100%       N/A       0%          3
d - Summon Guardian Gole  Hex/Summ       72%        N/A       1%          3
e - Summon Lightning Spi  Summ/Air       81%        N/A       1%          4
f - Summon Cactus Giant   Summ           50%        N/A       1%          6
g - Summon Hydra          Summ           50%        N/A       1%          7

Your spell library contained the following spells:

 Spells                   Type           Power      Damage    Failure   Level
 Beastly Appendage        Tmut           36%        N/A       1%          1
 Kiss of Death            Conj/Necr      72%        2d10      1%          1
 Magic Dart               Conj           72%        1d6       1%          1
 Slow                     Hex            72%        N/A       1%          1
 Sting                    Tmut/Pois      72%        1d6       1%          1
 Poisonous Vapours        Pois/Air       74%        N/A       1%          2
 Scorch                   Fire           36%        2d6       1%          2
 Sublimation of Blood     Necr           18%        N/A       1%          2
 Wereblood                Tmut           18%        N/A       1%          2
 Mephitic Cloud           Conj/Pois/Air  30%        N/A       1%          3
 Confusing Touch          Hex            18%        N/A       2%          3
 Portal Projectile        Hex/Tloc       36%        N/A       2%          3
 Spider Form              Tmut/Pois      18%        N/A       2%          3
 Vampiric Draining        Necr           18%        2d7       2%          3
 Anguish                  Hex/Necr       9%         N/A       10%         4
 Flame Wave               Conj/Fire      18%        2d7       10%         4
 Leda's Liquefaction      Hex/Erth       9%         N/A       10%         4
 Olgreb's Toxic Radiance  Pois           18%        N/A       10%         4
 Freezing Cloud           Conj/Ice/Air   15%        6-21      14%         5
 Alistair's Intoxication  Tmut/Pois      12%        N/A       26%         5
 Blade Hands              Tmut           9%         N/A       26%         5
 Borgnjor's Vile Clutch   Necr/Erth      9%         N/A       26%         5
 Irradiate                Conj/Tmut      9%         3d14      26%         5
 Eringya's Noxious Bog    Tmut/Pois      9%         N/A       78%         6
 Simulacrum               Ice/Necr       9%         N/A       78%         6
 Storm Form               Tmut/Air       18%        N/A       94%         7
 Dragon Form              Tmut           9%         N/A       100%        7
 Enfeeble                 Hex            9%         N/A       100%        7
 Discord                  Hex            9%         N/A       100%        8
 Ignition                 Fire           9%         3d5       100%        8


Dungeon Overview and Level Annotations

Branches:
Dungeon (10/15)            Temple (1/1) D:4            Lair (5/5) D:8
  Swamp (0/4) Lair:3       Spider (1/4) Lair:3        Slime (0/5) Lair:5
    Orc (2/2) D:10            Elf (0/3) Orc:2       Volcano (visited)

Altars:
Ashenzari
Cheibriados
Dithmenos
Elyvilon
Fedhas
Gozag
Hepliaklqana
Kikubaaqudgha
Makhleb
Nemelex Xobeh
Okawaru
Qazlal
Ru
Sif Muna
Trog
Uskayaw
Vehumet
Wu Jian
Xom
Yredelemnul
Zin
The Shining One
Jiyva
Lugonu

Shops:
D:4 *   D:9 (   Orc:2 :[[(!

Annotations:
D:8 exclusion: moth of wrath


Innate Abilities, Weirdness & Mutations

You are amphibious.
You cover ground slowly.
You can hop long distances.
You have an extended range of vision and can be seen from far away.


Message History

The demonic crawler barely misses you. The demonic crawler closely misses you.
The jumping spider pounces on you!
* * * LOW HITPOINT WARNING * * *
You are even more entangled.
The jumping spider closely misses you. The jumping spider pounces on you.
* * * LOW HITPOINT WARNING * * *
You are even more entangled.
The jumping spider bites you but does no damage.
The tarantella touches you but does no damage.
The jumping spider closely misses you.
The jumping spider bites you but does no damage.
Unknown command.
Blink to where?
Press: ? - help, Dir - move target A demonic crawler comes into view.
Found 4 stones and 27 gold pieces.
As you read the scroll labelled NAGULA JOKLY, it crumbles to dust.
It was a scroll of blinking.
The jumping spider leaps!
You slash the jumping spider! You burn the jumping spider.
You kill the jumping spider!
Cheibriados thoroughly appreciates the change of pace.
The jumping spider leaps!
Casting: Summon Hydra (dangerous; 1% risk of failure)
Confirm with . or Enter, or press ? or * to list all spells.
The redback falls through a shaft!
The shaft crumbles and collapses.
Unknown command.
The jumping spider leaps!
The jumping spider closely misses you. x2
The tarantella touches you.
* * * LOW HITPOINT WARNING * * *
The jumping spider completely misses you.
The jumping spider closely misses you. The tarantella closely misses you.
Your cactus giant completely misses the tarantella.
The jumping spider leaps!
The jumping spider misses you. The jumping spider barely misses you.
The tarantella touches you but does no damage.
The demonic crawler completely misses you.
The demonic crawler hits you.
* * * LOW HITPOINT WARNING * * *
The demonic crawler hits you!
You die...

.#. .$# .. #.. # .....
#.s .#.. (. ...#.#
######.#...... #..#
###..#.s#.#...!. ^#. #
##..#.ss..#.#.#..#..# .^
#^#=<..@s#.#..#.....#..#
#.....#Cs..#.#..#.......
##..#...#.s.○.........#
##.......##..#......^#
##.#..#..#..#†.s.#
###...#^##.°.#
##...†.##s.##.#
##.....#....#
####^.†...##


You could see a demonic crawler, an orb spider, 2 jumping spiders, a tarantella
(ally target), a redback and a friendly cactus giant (summoned).

Vanquished Creatures
  2 death yaks (Lair:5)
  A skyshark (Lair:5)
  A skeletal warrior (Volcano)
  An anaconda skeleton (Volcano)
  An elephant (Lair:5)
  3 black mambas
  2 cane toads
  A gargoyle (Volcano)
  A komodo dragon (Lair:5)
  3 trolls
  4 harpy skeletons (Volcano)
  8 blink frogs
  A flying skull (Volcano)
  3 jumping spiders (Spider:1)
  4 yaks
  A redback (Spider:1)
  An acid dragon (D:9)
  2 water moccasins (Lair:5)
  2 bullfrogs (Lair:1)
  A bullfrog zombie (D:5)
  A hound (D:4)
  A jelly (D:4)
  An orc priest (D:3)
  5 orc wizards
  2 hound zombies (D:5)
  A naga skeleton (Volcano)
  A gnoll (D:10)
  2 worms (D:3)
  A dart slug (D:2)
  14 orcs
  2 bats
  An endoplasm (D:4)
  4 rats
  A pillar of salt (Orc:2)
80 creatures vanquished.

Vanquished Creatures (collateral kills)
  A quicksilver ooze (shapeshifter) (D:9)
  A dire elephant (Lair:5)
  An ettin (Orc:2)
  A hydra (Lair:5)
  Harold (Lair:1)
  2 catoblepae
  4 two-headed ogres
  A deep troll shaman (Lair:5)
  4 death yaks (Lair:5)
  An orc high priest (Orc:2)
  A skeletal warrior (Volcano)
  An orb spider (Spider:1)
  2 anaconda skeletons (Volcano)
  6 orc knights
  A deep elf pyromancer (D:9)
  2 wolf spiders (Spider:1)
  3 orc sorcerers
  A will-o-the-wisp (Lair:3)
  3 cyclopes
  A black mamba (Lair:3)
  5 elephants
  7 cane toads
  4 gargoyles (Volcano)
  2 torpor snails
  Maggie (D:9)
  A rime drake (Lair:1)
  6 komodo dragons
  2 polar bears
  6 trolls
  10 blink frogs
  6 saltlings (Orc:2)
  A shadow (D:9)
  A jumping spider (Spider:1)
  A vampire (D:9)
  2 flying skulls (Volcano)
  5 wyverns
  A culicivora (Lair:2)
  59 yaks
  A basilisk (Lair:5)
  A steam dragon (D:8)
  A vampire mosquito (D:9)
  A redback (Spider:1)
  3 acid dragons
  Menkaure (D:7)
  3 wargs
  10 water moccasins
  25 orc warriors
  2 hell hounds (Lair:5)
  2 ice beasts
  2 black bears
  8 wolves
  2 centaurs (D:9)
  6 ogres
  A phantom (D:5)
  A kobold brigand (D:10)
  9 bullfrogs
  3 gnoll sergeants
  4 necrophages (Lair:3)
  3 scorpions
  6 wights
  11 killer bees
  A spriggan skeleton (Volcano)
  4 howler monkeys
  A troll skeleton (Volcano)
  A jelly (D:6)
  A centaur zombie (D:5)
  5 hounds
  20 orc priests
  A gnoll bouda (D:4)
  5 sleepcaps
  Jessica (D:3)
  Terence (D:3)
  4 iguanas
  23 orc wizards
  A naga skeleton (Volcano)
  A hound zombie (D:5)
  12 gnolls
  6 adders
  A shadow imp (D:5)
  5 worms
  3 dart slugs
  65 orcs
  5 ball pythons
  3 endoplasms
  A giant cockroach (D:1)
  7 goblins
  5 hobgoblins
  6 jackals
  11 kobolds
  4 quokkas
  6 bats
  3 frilled lizards
  3 rats
  4 pillars of salt (Orc:2)
484 creatures vanquished.

Vanquished Creatures (others)
  2 boulder beetles
  Sonja (Lair:1)
  An orc knight (Orc:2)
  A yak (D:10)
  2 wargs
  2 orc warriors
  An ogre (Orc:2)
  An orc wizard (Orc:1)
  An orc (Orc:2)
  10 foxfires (Lair:3)
  39 fungi
  7 pillars of salt (Orc:2)
  24 plants
92 creatures vanquished.

Grand Total: 656 creatures vanquished

Notes
Turn   | Place    | Note
-------+----------+-------------------------------------------
     0 | D:1      | Jase the Barachi Summoner began the quest for the Orb.
     0 | D:1      | Reached XP level 1. HP: 13/13 MP: 3/3
    97 | D:1      | Reached skill level 5 in Summonings
   176 | D:1      | Reached XP level 2. HP: 18/19 MP: 1/5
   216 | D:1      | Learned a level 2 spell: Call Imp
   942 | D:2      | Found a blossoming altar of Fedhas.
  1029 | D:2      | Reached XP level 3. HP: 24/24 MP: 1/6
  1033 | D:2      | Learned a level 3 spell: Call Canine Familiar
  1083 | D:2      | Found a faded altar of an unknown god.
  1422 | D:2      | Reached skill level 6 in Summonings
  1432 | D:2      | Reached XP level 4. HP: 27/30 MP: 1/8
  2218 | D:3      | Noticed Jessica
  2245 | D:3      | Killed Jessica
  2246 | D:3      | Reached XP level 5. HP: 35/35 MP: 4/10
  2340 | D:3      | Reached skill level 7 in Summonings
  2391 | D:3      | Reached XP level 6. HP: 4/41 MP: 5/11
  2669 | D:3      | Noticed Terence
  2681 | D:3      | Killed Terence
  2831 | D:3      | Learned a level 3 spell: Summon Guardian Golem
  2996 | D:3      | Reached skill level 8 in Summonings
  3347 | D:3      | Found a faded altar of an unknown god.
  3347 | D:3      | Found a hazy altar of Hepliaklqana.
  3540 | D:4      | Reached XP level 7. HP: 20/46 MP: 2/13
  3770 | D:4      | Found Mosaeq's Assorted Antiques.
  3796 | D:4      | Found a staircase to the Ecumenical Temple.
  4052 | D:4      | Found a hide-covered altar of Uskayaw.
  4519 | D:5      | Entered Level 5 of the Dungeon
  4548 | D:5      | Reached skill level 5 in Spellcasting
  4548 | D:5      | Reached skill level 9 in Summonings
  4787 | D:5      | Reached XP level 8. HP: 52/52 MP: 5/16
  4789 | D:5      | Reached skill level 10 in Summonings
  4932 | D:5      | Found an ancient bone altar of Kikubaaqudgha.
  5518 | D:5      | Reached skill level 11 in Summonings
  5794 | D:5      | Found a basalt altar of Yredelemnul.
  5924 | Temple   | Entered the Ecumenical Temple
  5969 | Temple   | Became a worshipper of Cheibriados the Contemplative
  6086 | D:5      | Reached skill level 1 in Polearms
  6118 | D:5      | Learned a level 4 spell: Summon Lightning Spire
  6289 | D:6      | Reached XP level 9. HP: 42/57 MP: 18/18
  6308 | D:6      | Reached skill level 1 in Air Magic
  6474 | D:6      | Reached skill level 1 in Armour
  6597 | D:6      | You fall into a shaft and drop 1 floor!
  6662 | D:7      | Noticed Menkaure
  6668 | D:7      | Killed Menkaure
  6668 | D:7      | Reached * piety under Cheibriados
  6669 | D:7      | Reached skill level 12 in Summonings
  6933 | D:7      | Identified the +1 robe of the Locust {Slay+5 Stlth-}
  7048 | D:7      | Reached skill level 1 in Invocations
  7475 | D:7      | Reached XP level 10. HP: 10/63 MP: 8/21
  7580 | D:8      | Reached ** piety under Cheibriados
  7654 | D:8      | Reached skill level 13 in Summonings
  7664 | D:8      | Found a sacrificial altar of Ru.
  7971 | D:8      | Found a staircase to the Lair.
  8096 | D:8      | Noticed a moth of wrath
  8098 | D:8      | Found a bloodstained altar of Trog.
  8122 | D:8      | Identified the +4 shortbow "Counidibb" {heavy, Str+3 Dex+2
                  | SInv}
  8263 | D:8      | Reached *** piety under Cheibriados
  8580 | D:9      | Reached skill level 5 in Armour
  8713 | D:9      | Reached XP level 11. HP: 68/68 MP: 23/23
  8873 | D:9      | Reached skill level 5 in Air Magic
  8874 | D:9      | Reached skill level 14 in Summonings
  8931 | D:9      | Reached skill level 5 in Polearms
  8958 | D:9      | Noticed a two-headed ogre
  8965 | D:9      | Killed a two-headed ogre
  8986 | D:9      | Reached **** piety under Cheibriados
  9153 | D:9      | Found Tadon's Weapon Boutique.
  9461 | D:9      | Found a glowing golden altar of the Shining One.
  9544 | D:9      | Noticed Maggie
  9555 | D:9      | Killed Maggie
  9688 | D:9      | Identified the amulet "Gagront" {Faith *Corrode rElec
                  | Int+5}
  9688 | D:9      | Noticed a deep elf pyromancer
  9696 | D:9      | Killed a deep elf pyromancer
  9720 | D:9      | Noticed a cyclops
  9732 | D:9      | Killed a cyclops
  9746 | D:9      | Noticed a glowing orange brain
  9840 | D:9      | Noticed a spark wasp
  9846 | D:9      | a spark wasp changed into an alligator
  9846 | D:9      | Noticed an alligator (shapeshifter)
  9852 | D:9      | an alligator changed into a quicksilver ooze
  9852 | D:9      | Noticed a quicksilver ooze (shapeshifter)
  9854 | D:9      | Killed a quicksilver ooze
  9927 | Lair:1   | Entered Level 1 of the Lair of Beasts
  9938 | D:8      | Reached skill level 15 in Summonings
 10087 | D:8      | Reached skill level 5 in Invocations
 10643 | Lair:1   | Reached skill level 5 in Dodging
 10643 | Lair:1   | Reached XP level 12. HP: 74/74 MP: 14/25
 11004 | Lair:1   | Noticed Harold
 11010 | Lair:1   | Noticed Sonja
 11012 | Lair:1   | Reached ***** piety under Cheibriados
 11015 | Lair:1   | Killed Harold
 11032 | Lair:1   | Killed Sonja
 11359 | Lair:1   | Reached skill level 16 in Summonings
 11966 | Lair:2   | Identified the +3 scale mail of the Midnight Sun {rElec
                  | rPois MP-9}
 12463 | Lair:2   | You fall into a shaft and drop 1 floor!
 12875 | Lair:2   | Reached skill level 10 in Spellcasting
 12968 | Lair:2   | Noticed a boulder beetle
 12979 | Lair:2   | Killed a boulder beetle
 12980 | Lair:2   | Reached skill level 1 in Fighting
 13248 | Lair:3   | Gained mutation: You can hop long distances. [Barachi
                  | growth]
 13248 | Lair:3   | Reached XP level 13. HP: 51/82 MP: 16/27
 13303 | Lair:3   | Found a hole to the Spider Nest.
 13328 | Lair:3   | Found a staircase to the Swamp.
 14342 | Lair:4   | Reached skill level 17 in Summonings
 15099 | D:9      | Got the Catalogue of Decaying Transfiguration
 15140 | D:10     | Entered Level 10 of the Dungeon
 15224 | D:10     | Found a shadowy altar of Dithmenos.
 15594 | D:10     | Found a radiant altar of Vehumet.
 15594 | D:10     | Found a blossoming altar of Fedhas.
 15595 | D:10     | Found a sparkling altar of Nemelex Xobeh.
 15596 | D:10     | Found a stormy altar of Qazlal.
 15602 | D:10     | Found a glowing silver altar of Zin.
 15604 | D:10     | Found a burning altar of Makhleb.
 15724 | D:10     | Reached ****** piety under Cheibriados
 15836 | D:10     | Found a broken altar of Ashenzari.
 16074 | D:10     | Reached skill level 5 in Fighting
 16155 | D:10     | Found a staircase to the Orcish Mines.
 16415 | Orc:1    | Entered Level 1 of the Orcish Mines
 16808 | Orc:2    | Entered Level 2 of the Orcish Mines
 17926 | Orc:2    | Found Zyepp's Distillery.
 17936 | Orc:2    | Bought a potion of ambrosia for 104 gold pieces
 17936 | Orc:2    | Bought a potion of berserk rage for 65 gold pieces
 18101 | Orc:2    | Found a staircase to the Elven Halls.
 18183 | Orc:2    | Reached XP level 14. HP: 93/103 MP: 28/28
 18468 | Orc:2    | Reached skill level 10 in Polearms
 18881 | Orc:2    | Found Peytse's Antique Armour Shop.
 18900 | Orc:2    | Found Zavvuest's Book Boutique.
 18902 | Orc:2    | Found Sonwoira's Antique Armour Boutique.
 18926 | Orc:2    | Found Arimiong's Antique Weapon Shoppe.
 18932 | Orc:2    | Bought a faintly glowing halberd for 180 gold pieces
 18932 | Orc:2    | Identified the +9 halberd "Demonbane" {chaos, Contam rF++
                  | Int+6} (You bought it in a shop on level 2 of the Orcish
                  | Mines)
 18951 | Orc:2    | Bought a book of Blood for 420 gold pieces
 18951 | Orc:2    | Bought a book of Scorching for 450 gold pieces
 18958 | Orc:2    | Learned a level 6 spell: Summon Cactus Giant
 18966 | Orc:2    | Learned a level 7 spell: Summon Hydra
 19238 | Lair:5   | Entered Level 5 of the Lair of Beasts
 19238 | Lair:5   | Found a viscous altar of Jiyva.
 19238 | Lair:5   | Found a staircase to the Slime Pits.
 19573 | Lair:5   | Found a dark tunnel.
 19587 | Volcano  | Entered a volcano
 19978 | Volcano  | Reached skill level 18 in Summonings
 20996 | Lair:5   | Reached skill level 10 in Fighting
 21268 | Lair:5   | Reached XP level 15. HP: 117/117 MP: 9/29
 21670 | Spider:1 | Entered Level 1 of the Spider Nest
 21863 | Spider:1 | HP: 5/118 [jumping spider (11)]
 21863 | Spider:1 | HP: 2/118 [jumping spider (3)]
 21868 | Spider:1 | Mangled by a demonic crawler

Illustrated notes

Levels and vault maps discovered:
D:1:      lightli_arrival_boilingwater, layout_basic
D:2:      minmay_evil_eye, layout_loops_ring, basic_altar,
          ebering_ecumenical_altar_webs, minivault_24
D:3:      layout_rooms, beargit_hepliaklqana_dungeon_heroes,
          kennysheep_jessica_study, uniq_terence
D:4:      layout_gridville, mainiacjoe_overflow_tiny_flanked,
          minmay_temple_entry_overgrown, serial_shops, kennysheep_mini_moat
D:5:      cheibrodos_helix_gallery, layout_basic,
          nicolae_yredelemnul_corpse_copse, mainiacjoe_overflow_alcove_2
D:6:      layout_loops_ring, kennysheep_small_circle
D:7:      nicolae_cairo_tiling_very_big, layout_rooms, grunt_decor_clamped,
          uniq_menkaure
D:8:      layout_rooms, mainiacjoe_overflow_catwalk, tgw_trog,
          grunt_lair_entry_orc_guard_hut, minmay_diced_spiral
D:9:      minmay_the_grid_triangle_9x9_rhombus_thin
          [minmay_the_grid_triangle_9x9_cache,
          minmay_the_grid_triangle_9x9_prize_top_heavy,
          minmay_the_grid_triangle_9x9_impossible_snake,
          minmay_the_grid_triangle_9x9_pentomino_pain], layout_small_grid,
          nicolae_tso_carved_into_rock, serial_shops,
          nicolae_shop_bloodbath_and_beyond, uniq_maggie
D:10:     layout_basic, grunt_dithmenos_smoke_and_mirrors,
          minmay_overflow_temple_hex, nicolae_ashenzari_panopticon,
          minmay_orc_entry_temple_small
Temple:   corrupted_temple
Lair:1:   layout_roguey, uniq_harold, uniq_sonja
Lair:2:   layout_cave_pods, grunt_megastairs_3, infiniplex_staircase_pool
Lair:3:   layout_roguey, minmay_swamp_entry_wisps, spider_nest_entry_rubble,
          roderic_carrion_pond
Lair:4:   layout_roguey
Lair:5:   grunt_lair_end_beastmaster, layout_regular_city, slime_entry_1,
          enter_volcano_3
Spider:1: layout_spider_delve
Orc:1:    layout_caves, minmay_orc_barracks
Orc:2:    hellmonk_orc_salted, layout_diamond_mine, serial_shops, shop

Skill      XL: |  1  2  3  4  5  6  7  8  9 10 11 12 13 14 15 |
---------------+----------------------------------------------+-----
Summonings     | 5 6 7 8 9 11 12 13 15 16 17 18 | 18.4
Spellcasting   | 3 4 5 6 7 8 9 10 | 10.0
Polearms       | 1 3 4 6 7 9 11 12 | 12.1
Air Magic      | 3 4 5 |  5.0
Armour         | 3 5 |  5.0
Invocations    | 2 3 5 6 7 8 9 |  9.1
Dodging        | 5 6 7 9 |  9.0
Fighting       | 1 7 10 11 | 11.1
Stealth        | |  1.7

Action                     |  1- 3 |  4- 6 |  7- 9 | 10-12 | 13-15 || total
---------------------------+-------+-------+-------+-------+-------++-------
  Melee: Dagger            |    21 |    10 |       |       |       ||    31
         Club              |       |    42 |    74 |    32 |       ||   148
         Punch             |       |       |     1 |     3 |     3 ||     7
         Spear             |       |       |       |    97 |    80 ||   177
         Trident           |       |       |       |       |    50 ||    50
         Halberd           |       |       |       |       |    70 ||    70
         Glaive            |       |       |       |       |    70 ||    70
   Cast: Summon Small Mamm |    52 |    76 |    32 |     7 |     2 ||   169
         Call Imp          |     8 |    20 |    34 |    52 |    44 ||   158
         Call Canine Famil |       |     1 |    34 |    57 |    56 ||   148
         Summon Lightning  |       |       |     3 |    51 |    61 ||   115
         Summon Guardian G |       |       |     3 |    20 |    29 ||    52
         Summon Hydra      |       |       |       |       |    24 ||    24
         Summon Cactus Gia |       |       |       |       |    18 ||    18
 Invoke: Bend Time         |       |       |       |       |     1 ||     1
Ability: Hop               |     1 |       |     2 |     4 |     8 ||    15
    Use: Scroll            |       |       |    10 |    11 |     8 ||    29
         Potion            |       |       |       |     3 |     1 ||     4
   Stab: Distracted        |       |     1 |     2 |     5 |     8 ||    16
         Sleeping          |       |       |       |     1 |     4 ||     5
         Petrified         |       |       |       |       |     3 ||     3
 Armour: Robe              |    12 |       |       |       |       ||    12
         Leather armour    |       |    25 |    50 |    14 |       ||    89
         Troll leather arm |       |       |       |    26 |    61 ||    87
  Dodge: Dodged            |    18 |    25 |    76 |    96 |   235 ||   450
  Block: Other             |       |       |    42 |    24 |    63 ||   129
         Reflection        |       |       |       |       |     5 ||     5

Table legend: (Time is in decaauts)
 A = Elapsed time spent in this place.
 B = Non-inter-level travel time spent in this place.
 C = Inter-level travel time spent in this place.
 D = Time resting spent in this place.
 E = Time spent auto-exploring this place.
 F = Levels seen in this place.
 G = Mean time per level.
                   A        B        C        D        E       F      G
               +--------+--------+--------+--------+--------+-----+--------+
         Total |  32532 |  29708 |   2824 |   5657 |  16634 |  20 | 1626.6 |
       Dungeon |  15481 |  13803 |   1678 |   2768 |   7830 |  10 | 1548.1 |
        Temple |     77 |     55 |     22 |      0 |     27 |   1 |   77.0 |
          Lair |  11052 |  10252 |    800 |   1652 |   6234 |   5 | 2210.4 |
   Spider Nest |    245 |    245 |      0 |    129 |      9 |   1 |  245.0 |
  Orcish Mines |   4667 |   4345 |    322 |    921 |   2418 |   2 | 2333.5 |
       Volcano |   1008 |   1008 |      0 |    187 |    114 |   1 | 1008.0 |
               +--------+--------+--------+--------+--------+-----+--------+

Top non-repeatable levels by time:
  Lair:5: 3177 daAuts
   Orc:2: 2791 daAuts
     D:9: 2745 daAuts
  Lair:2: 2341 daAuts
     D:8: 2292 daAuts
  Lair:4: 1925 daAuts
    D:10: 1893 daAuts
  Lair:1: 1885 daAuts
   Orc:1: 1876 daAuts
  Lair:3: 1723 daAuts
     D:5: 1685 daAuts
     D:4: 1496 daAuts
     D:3: 1379 daAuts
     D:2: 1335 daAuts
     D:7: 1212 daAuts
